 Dungeon Crawl Stone Soup version 0.30-a0-469-g84de5afbc5 (webtiles) character file.

Game seed: 4212790847779863256

7245 kae the Jinx (level 10, -7/51 HPs)
             Began as a Spriggan Enchanter on Dec 14, 2022.
             Mangled by Harold
             ... wielding a +0 trident
              (22 damage)
             ... on level 9 of the Dungeon on Dec 19, 2022.
             The game lasted 00:12:10 (9482 turns).

kae the Jinx (Spriggan Enchanter)                   Turns: 9482, Time: 00:12:11

Health: -7/51      AC:  6    Str:  6    XL:     10   Next: 88%
Magic:  21/22      EV: 22    Int: 19    God:
Gold:   429        SH:  5    Dex: 16    Spells: 13/24 levels left

rFire   . . .      SeeInvis +    v - +1 dagger (vamp)
rCold   . . .      Faith    .    (no shield)
rNeg    . . .      Spirit   .    b - +1 robe
rPois   +          Reflect  +    (helmet restricted)
rElec   .          Harm     .    s - +2 cloak
rCorr   .          Rampage  .    (gloves unavailable)
Will    +....                    (boots unavailable)
Stlth   ++++......               m - amulet of reflection
HPRegen 0.28/turn                L - ring of flight
MPRegen 0.18/turn                P - ring of poison resistance

@: flying, very quick
A: very small, no large weapons, unfitting armour, see invisible, speed 3
a: no special abilities


You were on level 9 of the Dungeon.
You visited 2 branches of the dungeon, and saw 10 of its levels.

You collected 429 gold pieces.


Innate Abilities, Weirdness & Mutations

You are very small and have problems with some larger weapons.
You are too small for most types of armour.
You have supernaturally acute eyesight. (SInv)
You cover ground extremely quickly. (Speed+++)


   Skills:
 + Level 4.6 Fighting
 * Level 9.1 Short Blades
 + Level 8.2 Dodging
 + Level 10.0 Stealth
 + Level 7.5 Spellcasting
 - Level 2.0 Conjurations
 * Level 10.6 Hexes


You had 13 spell levels left.
You knew the following spells:

 Your Spells              Type           Power      Damage    Failure   Level
a - Ensorcelled Hibernat  Hex/Ice        54%        N/A       1%          2
b - Confusing Touch       Hex            47%        N/A       1%          3
c - Tukima's Dance        Hex            47%        N/A       1%          3
d - Dazzling Flash        Conj/Hex       62%        N/A       2%          3

Your spell library contained the following spells:

 Spells                   Type           Power      Damage    Failure   Level
 Apportation              Tloc           14%        N/A       10%         1
 Necrotise                Necr           28%        1d5       10%         1
 Summon Small Mammal      Summ           28%        N/A       10%         1
 Cigotuvi's Dreadful Rot  Necr/Pois/Air  14%        N/A       14%         2
 Sublimation of Blood     Necr           7%         N/A       14%         2
 Frozen Ramparts          Ice            14%        1d3       28%         3
 Yara's Violent Unravell  Hex/Tmut       13%        3d7       30%         5
 Dispel Undead            Necr           7%         3d8       67%         4
 Ice Form                 Ice/Tmut       7%         N/A       67%         4
 Passage of Golubria      Tloc           7%         N/A       67%         4
 Petrify                  Tmut/Erth      7%         N/A       67%         4
 Summon Ice Beast         Ice/Summ       7%         N/A       67%         4
 Irradiate                Conj/Tmut      5%         3d13      87%         5
 Death Channel            Necr           3%         N/A       100%        6

Inventory:

Hand Weapons
 a - a +1 dagger of venom
 v - a +1 vampiric dagger (weapon)
   (You found it on level 3 of the Dungeon)
Missiles
 g - 94 stones (quivered)
 n - 12 poisoned darts
 C - 4 boomerangs
 I - 5 datura-tipped darts
Armour
 b - a +1 robe (worn)
 s - a +2 cloak (worn)
   (You took it off Crazy Yiuf on level 2 of the Dungeon)
Magical Staves
 l - a staff of cold {!a}
   (You found it on level 4 of the Dungeon)
 w - a staff of conjuration {!a}
   (You found it on level 3 of the Dungeon)
 E - a staff of air {!a}
   (You found it on level 7 of the Dungeon)
Jewellery
 m - an amulet of reflection (around neck)
   (You found it on level 3 of the Dungeon)
 F - a ring of protection from fire
   (You found it on level 8 of the Dungeon)
 L - a ring of flight (left hand)
   (You found it on level 5 of the Dungeon)
 P - a ring of poison resistance (right hand)
   (You found it on level 7 of the Dungeon)
Wands
 h - a wand of paralysis (13)
   (You found it on level 4 of the Dungeon)
 x - a wand of flame (33)
   (You found it on level 6 of the Dungeon)
 A - a wand of iceblast (12)
   (You found it on level 6 of the Dungeon)
Scrolls
 d - a scroll of fear
 e - 2 scrolls of identify {@r1}
 i - a scroll of fog
 o - 2 scrolls of immolation {!r!r}
 y - a scroll of brand weapon
 B - a scroll of poison
 D - a scroll of vulnerability {!r!r}
 G - 3 scrolls of enchant weapon
 J - a scroll of teleportation {@r4}
Potions
 c - 2 potions of invisibility
 f - 3 potions of mutation {!q}
 j - 6 potions of flight
 k - 3 potions of haste {@q3}
 p - 3 potions of brilliance
 q - a potion of resistance
 r - a potion of magic
 t - 4 potions of curing {@q1}
 u - 4 potions of heal wounds {@q2}
 z - 2 potions of degeneration {!q}
 H - a potion of might

Dungeon Overview and Level Annotations

Branches:
Dungeon (9/15) Zot: 26546  Temple (1/1) D:7 Zot: 5943
   Lair: D:8-11         Orc: D:9-12

Altars:
Ashenzari
Cheibriados
Elyvilon
Fedhas
Gozag
Hepliaklqana
Kikubaaqudgha
Makhleb
Nemelex Xobeh
Qazlal
Ru
Sif Muna
Trog
Uskayaw
Vehumet
Wu Jian
Xom
Yredelemnul
Zin
The Shining One

Shops:
D:2 (

Annotations:
D:9 Harold

#...♣♣...♣♣PO......Y.
##..PPP.P♣P...........
#.....................
#..............O.O..
#...##.............
###.#..#........
#.#@.#......#.
#.>oo......##
###@).####.# #.(..# .#
##(..# ##..# ####


You could see Harold and 2 orcs.


Message History

Level annotation: Harold The orc completely misses you.
There is a stone staircase leading up here.
You hit the orc. The howler monkey barely misses you.
The orc closely misses you.
Casting: Ensorcelled Hibernation (safe; 1% risk of failure)
Confirm with . or Enter, or press ? or * to list all spells.
Aiming: Ensorcelled Hibernation (safe; 1% risk of failure)
Press: ? - help, Shift-Dir - straight line, f - howler monkey
Aim: a howler monkey (chance to affect: 67%)
The howler monkey looks drowsy...
The orc hits you with a +0 club.
The orc completely misses you. 😕 HP[-3] MP[-2]
You take 3 damage, and now have 48/51 hp.
You lost 2 mp, and now have 20/22 mp.
You hit the orc.
You feel better.
The howler monkey howls!
The howler monkey barely misses you. 😕 HP[+1]
Casting: Ensorcelled Hibernation (safe; 1% risk of failure)
Confirm with . or Enter, or press ? or * to list all spells.
Aiming: Ensorcelled Hibernation (safe; 1% risk of failure)
Press: ? - help, Shift-Dir - straight line, f - orc, p - howler monkey
Aim: an orc, wielding a +0 falchion (moderately wounded, chance to affect: 74%)
The orc looks drowsy...
The orc closely misses you. The howler monkey misses you. 😕 MP[-2]
You lost 2 mp, and now have 18/22 mp.
You barely miss the howler monkey.
The orc shouts!
The orc misses you. x2; You block the howler monkey's attack. 😕 HP[+1]
You barely miss the orc. You hit the orc.
You feel better. The orc hits you with a +0 falchion.
The orc closely misses you.
The howler monkey completely misses you.
You hit the orc.
You feel better.
You kill the orc!
The howler monkey hits you. The orc closely misses you.
Harold considers, "I think I'll use your bounty to get a fishing boat..."
Harold throws a throwing net.
The throwing net completely misses you. 😕 HP[-4]
You take 4 damage, and now have 46/51 hp.
You closely miss the howler monkey. You hit the howler monkey.
You feel better. You block the howler monkey's attack.
You block the orc's attack. 😕 HP[+1] MP[+1]
You hit the howler monkey. The howler monkey misses you.
You hit the howler monkey.
You feel better. Harold fires a harpoon shot at you.
The harpoon shot misses you. The orc closely misses you.
You hit the howler monkey.
You feel better.
The howler monkey closely misses you. 😎 HP[+4]
Your hp is fully restored (51).
You closely miss the howler monkey.
Harold throws a throwing net.
The throwing net closely misses you. The orc hits you with a +0 club.
You barely miss the howler monkey.
The howler monkey hits you but does no damage. 😕 HP[-3]
You take 3 damage, and now have 48/51 hp.
You hit the howler monkey.
You feel better. The orc hits you but does no damage.
An orc comes into view. It is wielding a +0 hand axe.
The howler monkey misses you. 😕 HP[+1]
You hit the howler monkey but do no damage.
You hit the howler monkey.
You feel better. The howler monkey misses you. The orc completely misses you.
Harold closely misses you. 😎 HP[+2]
Your hp is fully restored (51).
You hit the howler monkey.
You kill the howler monkey! 😎 MP[+1]
You barely miss the orc. The orc completely misses you.
Harold throws a throwing net.
The throwing net hits you.
You become entangled in the net!
You tear a large gash into the net.
Harold completely misses you. The orc closely misses you.
You shred the net and break free!
Harold throws a throwing net.
The throwing net hits you.
You become entangled in the net!
The orc closely misses you.
You struggle against the net.
Harold hits you from afar with a +0 trident!!
The orc curses loudly.
The orc hits you but does no damage. 😮 HP[-20]
You take 20 damage, and now have 31/51 hp.
MASSIVE DAMAGE!! (PAUSE)
You struggle against the net.
Harold hits you from afar with a +0 trident!
* * * LOW HITPOINT WARNING * * *
The orc barely misses you. 😨 HP[-16]
You take 16 damage, and now have 15/51 hp.
MASSIVE DAMAGE!! (PAUSE)
You shred the net and break free!
Harold hits you from afar with a +0 trident!!
You die...

Skill      XL: |  1  2  3  4  5  6  7  8  9 10 |
---------------+-------------------------------+-----
Dodging        | 3 4 5 6 7 8 |  8.2
Hexes          | 4 5 6 7 9 10 | 10.6
Short Blades   | 2 3 4 5 6 7 9 |  9.1
Spellcasting   | 3 4 5 6 7 |  7.5
Stealth        | 5 6 7 8 10 | 10.0
Fighting       | 1 2 3 4 |  4.6
Conjurations   | 1 2 |  2.0

Action                   |  1- 3 |  4- 6 |  7- 9 | 10-12 || total
-------------------------+-------+-------+-------+-------++-------
Melee: Dagger            |   102 |   246 |   250 |    93 ||   691
       Punch             |     1 |     3 |     2 |     1 ||     7
 Cast: Ensorcelled Hiber |    11 |    44 |    36 |    31 ||   122
       Confusing Touch   |       |     2 |    16 |     1 ||    19
       Dazzling Flash    |       |       |     5 |     6 ||    11
  Use: Scroll            |       |    18 |     4 |     2 ||    24
 Stab: Sleeping          |    13 |    35 |    29 |    23 ||   100
       Distracted        |       |     1 |     1 |       ||     2
       Confused          |       |     4 |    16 |     2 ||    22
       Invisible         |       |       |     8 |     6 ||    14
Armor: Robe              |    15 |    22 |    17 |    12 ||    66
Dodge: Dodged            |    88 |   146 |   118 |   133 ||   485
Block: Other             |       |    19 |    44 |    27 ||    90
       Reflection        |       |     2 |       |       ||     2

Levels and vault maps discovered:
D:1:      ncdulo_lavacross, layout_loops_cross, chequers_ecumenical_altar_lobes,
          serial_rivers, chequers_serial_rivers_micro_b,
          chequers_serial_rivers_small_b, chequers_serial_rivers_micro_a,
          chequers_serial_rivers_large_b, chequers_serial_rivers_large_a,
          chequers_serial_rivers_room_b, minmay_strange_pillars
D:2:      minmay_chambers_of_twos, layout_loops_ring, serial_shops,
          nicolae_shop_bloodbath_and_beyond, kennysheep_generic_room_10,
          uniq_crazy_yiuf_cottage
D:3:      corexii_shack_village, layout_loops_ring, marbit_many_paths,
          amcnicky_mini_corridor_feature
D:4:      layout_loops_cross, enter_ossuary_3, uniq_blork_the_orc
D:5:      layout_loops_ring
D:6:      layout_cave_pods, nicolae_vehumet_altar_sigil, kennysheep_flooded_box
D:7:      layout_loops_ring, temple_hall
D:8:      layout_loops_ring, nicolae_ashenzari_skybound,
          mainiacjoe_overflow_catch_the_wave, grunt_ministairs_13, uniq_maggie,
          uniq_grum
D:9:      layout_cave_pools, serial_park, serial_park_fountain,
          serial_park_tiny_2, serial_park_tiny_1, serial_park_tiny_2,
          serial_park_square1 [serial_park_minivault_5x5_1], uniq_psyche,
          uniq_harold
Temple:   nicolae_temple_superstar

Notes
Turn   | Place    | Note
-------+----------+-------------------------------------------
     0 | D:1      | kae the Spriggan Enchanter began the quest for the Orb.
     0 | D:1      | Reached XP level 1. HP: 9/9 MP: 5/5
     0 | D:1      | magus.rc [v1.11.3]
   440 | D:1      | Reached XP level 2. HP: 10/13 MP: 6/6
   521 | D:1      | Learned a level 2 spell: Ensorcelled Hibernation
   590 | D:1      | Reached skill level 3 in Dodging
   592 | D:1      | You pick up a book of Decay and begin reading...
   592 | D:1      | You add the spells Cigotuvi's Dreadful Rot, Dispel Undead
                  | and Death Channel to your library.
   611 | D:1      | You pick up a book of Cantrips and begin reading...
   611 | D:1      | You add the spells Necrotise, Summon Small Mammal and
                  | Apportation to your library.
   797 | D:1      | Found a faded altar of an unknown god.
   935 | D:2      | magus.rc [v1.11.3]
   950 | D:2      | Reached skill level 4 in Hexes
  1051 | D:2      | You fall into a shaft and drop 2 floors!
  1088 | D:3      | Reached skill level 2 in Short Blades
  1088 | D:3      | Reached XP level 3. HP: 12/17 MP: 8/8
  1169 | D:3      | Reached skill level 3 in Spellcasting
  1219 | D:2      | You pick up a book of Alchemy and begin reading...
  1219 | D:2      | You add the spells Sublimation of Blood, Petrify and
                  | Irradiate to your library.
  1475 | D:2      | Reached XP level 4. HP: 17/21 MP: 6/9
  1564 | D:2      | Found Hoofurr's Weapon Boutique.
  1722 | D:2      | HP: 3/21 [gnoll/+0 flail (9)]
  2179 | D:2      | HP: 5/21 [adder (2)]
  2281 | D:2      | Reached skill level 5 in Stealth
  2567 | D:2      | Found a runed translucent door.
  2568 | D:2      | Noticed Crazy Yiuf
  2575 | D:2      | Killed Crazy Yiuf
  2858 | D:3      | Reached skill level 1 in Fighting
  2858 | D:3      | Reached XP level 5. HP: 25/25 MP: 11/11
  3185 | D:3      | Reached skill level 3 in Short Blades
  3634 | D:3      | Found a shimmering blue altar of Sif Muna.
  3681 | D:3      | Learned a level 3 spell: Confusing Touch
  3685 | D:3      | Learned a level 3 spell: Tukima's Dance
  3922 | D:4      | Reached skill level 5 in Hexes
  3930 | D:4      | Noticed a sky beast
  3945 | D:4      | Killed a sky beast
  3946 | D:4      | Reached skill level 4 in Dodging
  3946 | D:4      | Reached XP level 6. HP: 22/30 MP: 6/12
  4240 | D:4      | Noticed Blork the orc
  4254 | D:4      | Killed Blork the orc
  4255 | D:4      | Reached skill level 4 in Short Blades
  4255 | D:4      | Reached skill level 4 in Spellcasting
  4601 | D:5      | Entered Level 5 of the Dungeon
  4602 | D:5      | Upgraded the game from 0.30-a0-458-g86641cc369 to
                  | 0.30-a0-469-g84de5afbc5
  4602 | D:5      | magus.rc [v1.11.3]
  4631 | D:5      | Reached XP level 7. HP: 34/34 MP: 11/14
  4717 | D:5      | Reached skill level 6 in Stealth
  4748 | D:5      | Reached skill level 6 in Hexes
  4920 | D:5      | Reached skill level 2 in Fighting
  5214 | D:6      | Learned a level 3 spell: Dazzling Flash
  5255 | D:6      | Reached skill level 5 in Dodging
  5270 | D:6      | Reached skill level 5 in Short Blades
  5419 | D:6      | Identified the +0 robe "Lomisur" {rN+}
  5445 | D:6      | Reached XP level 8. HP: 39/39 MP: 11/16
  5571 | D:6      | Noticed a two-headed ogre
  5592 | D:6      | HP: 3/39 [two-headed ogre/+0 giant club (13)]
  5594 | D:6      | Killed a two-headed ogre
  5595 | D:6      | Reached skill level 7 in Stealth
  5595 | D:6      | Reached skill level 5 in Spellcasting
  5595 | D:6      | Reached skill level 1 in Conjurations
  5595 | D:6      | Reached skill level 7 in Hexes
  5789 | D:6      | Reached skill level 6 in Short Blades
  5984 | D:6      | You add the spells Passage of Golubria and Yara's Violent
                  | Unravelling to your library.
  6148 | D:6      | Found a radiant altar of Vehumet.
  6194 | D:6      | Reached skill level 6 in Dodging
  6518 | D:6      | Reached skill level 3 in Fighting
  6518 | D:6      | Reached XP level 9. HP: 33/44 MP: 14/18
  6718 | D:7      | You pick up a book of Rime and begin reading...
  6718 | D:7      | You add the spells Frozen Ramparts, Ice Form and Summon Ice
                  | Beast to your library.
  6761 | D:7      | Reached skill level 8 in Hexes
  6885 | D:7      | Reached skill level 2 in Conjurations
  6889 | D:7      | Reached skill level 8 in Stealth
  6910 | D:7      | Reached skill level 7 in Short Blades
  6910 | D:7      | Reached skill level 6 in Spellcasting
  7513 | D:7      | Found a staircase to the Ecumenical Temple.
  7808 | Temple   | Entered the Ecumenical Temple
  8012 | D:8      | Reached skill level 7 in Dodging
  8012 | D:8      | Reached skill level 9 in Hexes
  8186 | D:8      | Found a basalt altar of Yredelemnul.
  8222 | D:8      | Noticed Maggie
  8228 | D:8      | Killed Maggie
  8314 | D:8      | Found a snail-covered altar of Cheibriados.
  8383 | D:8      | Reached XP level 10. HP: 49/49 MP: 20/20
  8475 | D:8      | Reached skill level 9 in Stealth
  8478 | D:8      | Reached skill level 8 in Short Blades
  8598 | D:8      | Found a broken altar of Ashenzari.
  8616 | D:8      | Noticed Grum
  8623 | D:8      | Killed Grum
  8626 | D:8      | Reached skill level 4 in Fighting
  9114 | D:9      | Noticed Harold
  9125 | D:9      | Noticed a two-headed ogre
  9128 | D:9      | Noticed a two-headed ogre
  9183 | D:9      | Noticed Psyche
  9192 | D:8      | Killed a two-headed ogre
  9193 | D:8      | Reached skill level 7 in Spellcasting
  9193 | D:8      | Reached skill level 10 in Hexes
  9241 | D:8      | Killed Psyche
  9318 | D:8      | HP: 9/51 [yak (11)]
  9326 | D:8      | Reached skill level 8 in Dodging
  9334 | D:8      | Killed a two-headed ogre
  9335 | D:8      | Reached skill level 9 in Short Blades
  9335 | D:8      | Reached skill level 10 in Stealth
  9482 | D:9      | Mangled by Harold

Vanquished Creatures
  3 two-headed ogres
  Maggie (D:8)
  Psyche (D:8)
  A wraith (D:8)
  2 wyverns
  10 yaks
  A steam dragon (D:8)
  Grum (D:8)
  A sky beast (D:4)
  An orc warrior (D:8)
  A black bear (D:5)
  2 wolves (D:8)
  An ogre (D:4)
  A phantom (D:6)
  A centaur (D:8)
  Blork the orc (D:4)
  A gnoll sergeant (D:9)
  2 scorpions
  5 bullfrogs
  5 necrophages
  7 wights (D:6)
  4 killer bees (D:8)
  5 howler monkeys
  A human zombie (D:4)
  4 orc priests
  A hound (D:5)
  Crazy Yiuf (D:2)
  2 orc wizards
  2 iguanas
  9 gnolls
  6 adders
  A white imp (D:7)
  2 ufetubi
  2 worms
  3 dart slugs
  17 orcs
  6 ball pythons
  5 endoplasms
  3 giant cockroaches
  11 goblins
  12 hobgoblins
  4 jackals
  5 kobolds
  3 quokkas (D:1)
  5 bats
  5 frilled lizards
  A kobold zombie (D:4)
  9 rats
178 creatures vanquished.

Vanquished Creatures (others)
  16 plants (D:8)
16 creatures vanquished.

Grand Total: 194 creatures vanquished

Table legend:
 A = Non-vault XP
 B = Vault XP
 C = Vault XP percentage of total XP
 D = Non-vault monster count
 E = Vault monster count
 F = Vault count percentage of total count
                 A         B        C        D         E       F
            +---------+---------+-------+---------+---------+-------
      Total |    8344 |    2007 |  19.4 |     147 |      31 |  17.4
            +---------+---------+-------+---------+---------+-------
        D:1 |      31 |       0 |   0.0 |      19 |       0 |   0.0
        D:2 |      90 |      53 |  37.1 |      24 |       9 |  27.3
        D:3 |      52 |      22 |  29.7 |       9 |      11 |  55.0
        D:4 |     334 |     141 |  29.7 |      16 |       3 |  15.8
        D:5 |     479 |       0 |   0.0 |       8 |       0 |   0.0
        D:6 |    1644 |       0 |   0.0 |      16 |       0 |   0.0
        D:7 |    1445 |       0 |   0.0 |      21 |       0 |   0.0
        D:8 |    4056 |    1791 |  30.6 |      26 |       8 |  23.5
        D:9 |     213 |       0 |   0.0 |       8 |       0 |   0.0
            +---------+---------+-------+---------+---------+-------

Illustrated notes

Table legend:
 A = Kills in this place as a percentage of kills in entire the game.
 B = Kills by you in this place as a percentage of kills by you in the entire game.
 C = Kills by friends in this place as a percentage of kills by friends in the entire game.
 D = Other kills in this place as a percentage of other kills in the entire game.
 E = Experience gained in this place as a percentage of experience gained in the entire game.
 F = Experience gained in this place divided by the number of levels of this place that you have seen.
                   A       B       C       D       E      F
               +-------+-------+-------+-------+-------+----------------------
         Total | 100.0 | 100.0 |   N/A | 100.0 | 100.0 | 1035.1
       Dungeon | 100.0 | 100.0 |   N/A | 100.0 | 100.0 | 1150.1
               +-------+-------+-------+-------+-------+----------------------

Table legend: (Time is in decaauts)
 A = Elapsed time spent in this place.
 B = Non-inter-level travel time spent in this place.
 C = Inter-level travel time spent in this place.
 D = Time resting spent in this place.
 E = Time spent auto-exploring this place.
 F = Levels seen in this place.
 G = Mean time per level.
                   A        B        C        D        E       F      G
               +--------+--------+--------+--------+--------+-----+--------+
         Total |   7045 |   6810 |    235 |    888 |   4474 |  10 |  704.5 |
       Dungeon |   6988 |   6756 |    232 |    888 |   4428 |   9 |  776.4 |
        Temple |     57 |     54 |      3 |      0 |     45 |   1 |   57.0 |
               +--------+--------+--------+--------+--------+-----+--------+

Top non-repeatable levels by time:
     D:2: 1138 daAuts
     D:6: 1033 daAuts
     D:8: 1000 daAuts
     D:1: 880 daAuts
     D:7: 879 daAuts
     D:3: 776 daAuts
     D:4: 691 daAuts
     D:5: 422 daAuts
     D:9: 164 daAuts
  Temple: 57 daAuts
